 Dungeon Crawl Stone Soup version 0.16-a0-3149-g1169300 (webtiles) character file.

231 myeffort the Ogre Mage (level 6, 0/53 HPs)
             Began as an Ogre Wizard on Dec 14, 2014.
             Killed by divine providence
             ... invoked by an orc priest
              (12 damage)
             ... on level 4 of the Dungeon.
             The game lasted 00:18:19 (4464 turns).

myeffort the Ogre Mage (Ogre Wizard)                Turns: 4464, Time: 00:18:19

Health: 0/53       AC:  4    Str: 15    XL:     6   Next: 3%
Magic:  2/18       EV:  9    Int: 22    God:
Gold:   79         SH:  0    Dex:  8    Spells: 4 memorised, 7 levels left

rFire  . . .     SeeInvis .     l - +0 club
rCold  . . .     Clarity  .     u - +1 robe {rN+}
rNeg   + . .     SustAb   .     (shield restricted)
rPois  .         Gourm    .     b - +0 hat
rElec  .         Spirit   .     (no cloak)
rCorr  .         Warding  .     (gloves unavailable)
rMut   .         Stasis   .     (boots unavailable)
MR     .....                    (no amulet)
Stlth  +.........               (no ring)
                                (no ring)

@: brilliant, very slightly contaminated, not resistant to hostile enchantments,
very unstealthy
A: unfitting armour, tough skin 1, forlorn
a: no special abilities


You were on level 4 of the Dungeon.
You were hungry.

You visited 1 branch of the dungeon, and saw 4 of its levels.

You collected 79 gold pieces.

Inventory:

Hand weapons
 f - a +0 vampiric spear
 l - a +0 club (weapon)
Missiles
 r - 16 sling bullets of flame
 w - a throwing net (quivered)
Armour
 a - a +0 robe
 b - a +0 hat (worn)
 u - a +1 robe of positive energy (worn)
Jewellery
 n - an uncursed ring of teleport control {unknown}
Magical devices
 y - a wand of slowing (46)
 B - a wand of magic darts (13)
Scrolls
 e - a scroll of noise {unknown}
 g - a scroll of amnesia {unknown}
 j - 4 scrolls of identify {unknown}
 m - a scroll of fog {unknown}
 p - a scroll of enchant armour {unknown}
 s - 3 scrolls of remove curse {unknown}
 x - a scroll of enchant weapon {unknown}
 C - a scroll of magic mapping {unknown}
Potions
 k - a potion of curing
Books
 c - a book of Minor Magic

   Spells                             Type                      Level
   a - Magic Dart                     Conjuration                  1
   b - Blink                          Translocation                2
   c - Call Imp                       Summoning                    2
   d - Repel Missiles                 Charms/Air                   2
   e - Slow                           Hexes                        2
   f - Conjure Flame                  Conjuration/Fire             3
   g - Mephitic Cloud                 Conjuration/Poison/Air       3
Comestibles
 d - 4 meat rations
 h - a slice of pizza
 q - 2 bread rations
 v - a royal jelly


   Skills:
 - Level 1.7 Dodging
 - Level 1.5 Stealth
 + Level 5.7 Spellcasting
 + Level 3.0 Conjurations
 - Level 0.6 Summonings
   Level 0.6 Translocations


You had 7 spell levels left.
You knew the following spells:

 Your Spells              Type           Power        Failure   Level  Hunger
a - Magic Dart            Conj           ####         1%          1    None
b - Call Imp              Summ           ###.....     1%          2    None
c - Conjure Flame         Conj/Fire      ####....     2%          3    ##.....
d - Mephitic Cloud        Conj/Pois/Air  ###.....     2%          3    ##.....


Dungeon Overview and Level Annotations

Branches:
Dungeon (4/15)
 Temple: D:4-7

Altars:
Ashenzari
Cheibriados
Qazlal
Trog
Vehumet
Yredelemnul
Zin


Innate Abilities, Weirdness & Mutations

You are too large for most types of armour.
You have tough skin (AC +1).
You have difficulty communicating with the divine.


Message History

The orc priest closely misses you.
You hit the orc priest but do no damage.
The orc priest is lightly wounded.
The orc priest becomes somewhat translucent.
You hit the orc priest.
The orc priest is moderately wounded.
The orc priest barely misses you.
Drink which item? (? for menu, Esc to quit)
Okay, then.
Read which item? (? for menu, Esc to quit)
As you read the scroll labeled CHUCZEUJAZ, it crumbles to dust.
It is a scroll of recharging.
Charge which item? (? for menu, Esc to quit)
Your wand of slowing {zapped: 4} glows for a moment.
The orc priest hits you but does no damage.
You hit the orc priest but do no damage.
The orc priest is moderately wounded.
The orc priest invokes the aid of Beogh against you.
Something smites you!
You die...

#(# . #.#
...# #.#.
._.. #.#) ...
..
#.#.###.###.#
#.#..#...#..#
#.#.........
#)###.#..#
#..@o(..#
#######.# #.#
#.# #.# #.#
#.# . #.# .#
#.# .#


You could see an orc priest.

Vanquished Creatures
  An orc wizard (D:4)
  A giant gecko (D:1)
  An ooze (D:3)
  5 orcs
  6 bats
  2 giant cockroaches (D:2)
  8 hobgoblins
  8 kobolds
  2 ball pythons
  7 giant newts
  13 goblins
  2 jackals (D:2)
  4 rats
60 creatures vanquished.

Vanquished Creatures (collateral kills)
  Sigmund (D:3)
  A hound (D:3)
  An orc wizard (D:4)
  An iguana (D:4)
  A worker ant (D:4)
  Natasha (twice) (D:3)
  Robin (D:3)
  A worm (D:3)
  9 orcs
  A bat skeleton (D:4)
  7 goblins (D:3)
  3 hobgoblins (D:3)
  A rat (D:3)
30 creatures vanquished.

Vanquished Creatures (others)
  A crimson imp (D:3)
  3 iron imps
  A shadow imp (D:3)
  5 white imps
10 creatures vanquished.

Grand Total: 100 creatures vanquished

Notes
Turn   | Place    | Note
--------------------------------------------------------------
     0 | D:1      | myeffort, the Ogre Wizard, began the quest for the Orb.
     0 | D:1      | Reached XP level 1. HP: 16/16 MP: 4/4
   395 | D:1      | Reached skill level 1 in Conjurations
   497 | D:1      | Reached XP level 2. HP: 15/24 MP: 0/6
   825 | D:1      | Reached skill level 4 in Spellcasting
  1119 | D:1      | Reached XP level 3. HP: 31/31 MP: 3/9
  1450 | D:2      | Learned a level 2 spell: Call Imp
  1454 | D:2      | Learned a level 3 spell: Conjure Flame
  1458 | D:2      | Learned a level 3 spell: Mephitic Cloud
  1551 | D:2      | Found a bloodstained altar of Trog.
  1682 | D:2      | Found a shattered altar of Ashenzari.
  1937 | D:3      | Noticed Sigmund
  2030 | D:3      | Found a glowing silver altar of Zin.
  2121 | D:3      | Reached XP level 4. HP: 39/39 MP: 8/11
  2238 | D:3      | Found a stormy altar of Qazlal.
  2238 | D:3      | Found a basalt altar of Yredelemnul.
  2444 | D:3      | Noticed Natasha
  2460 | D:3      | Killed Natasha
  2638 | D:3      | Killed Sigmund
  2638 | D:3      | Reached skill level 5 in Spellcasting
  2638 | D:3      | Reached XP level 5. HP: 34/45 MP: 1/15
  2831 | D:3      | Found a snail-covered altar of Cheibriados.
  2889 | D:3      | Noticed Robin
  3470 | D:3      | Noticed Natasha
  3476 | D:3      | Killed Natasha
  3608 | D:3      | Killed Robin
  4406 | D:4      | Found a radiant altar of Vehumet.
  4447 | D:4      | Reached XP level 6. HP: 35/53 MP: 0/18
  4453 | D:4      | Gained mutation: You are agile. (Dex +2) [potion of mutation]
  4453 | D:4      | Lost mutation: You are agile. (Dex +2) [potion of mutation]
  4453 | D:4      | Gained mutation: You have difficulty communicating with the divine. [potion of mutation]
  4464 | D:4      | Killed from afar by an orc priest

Action                   |  1- 3 |  4- 6 || total
-------------------------+-------+-------++-------
Melee: Unarmed           |    18 |       ||    18
       Club              |    31 |    33 ||    64
 Cast: Magic Dart        |    82 |    49 ||   131
       Call Imp          |     4 |    54 ||    58
Evoke: Wand              |       |     2 ||     2
  Use: Potion            |       |     5 ||     5
       Scroll            |       |     1 ||     1
  Eat: Chunk             |     3 |     8 ||    11
